AoeStats
← 海峡

MegaRandom

505011361Analyzed
1v1 RM · 26d ago on Sep 7, 2026· 34m 43s· 2 players
Game mode
Random Map
Map size
Tiny (2 player)
Population
200
Speed
Normal
Resources
Standard
Victory
Conquest
Starting age
Dark Age
Ending age
Imperial Age
RankedLock teamsTeams togetherTeam positionsShared explorationLock speedFull tech treeHidden civsTurbo modeCheats
Victory
Defeat
🇪🇸 Khmer · Spain
1667
+19
🇨🇳 Romans · China
1728
-19
Revirado17
8:22 Loom
10:36 Feudal Age
13:54 Castle Age
12:07 Double-Bit Axe
13:13 Gold Mining
15:47 Husbandry
17:59 Fletching
19:04 Bodkin Arrow
25:34 Bloodlines
26:36 Scale Barding Armor
29:58 Ballistics
29:59 Forging
32:32 Chain Barding Armor
32:29 Light Cavalry
34:16 Bow Saw
海峡
10:20 Feudal Age
10:57 Double-Bit Axe
10:59 Loom
10:38 Man-at-Arms
13:24 Scale Mail Armor
16:02 Forging
23:34 Castle Age
22:01 Fletching
23:46 Elite Skirmisher
32:30 Gold Mining
33:56 Long Swordsman
34:36 Squires
Connection lost

Rejoining the realm…

Still unreachable

The connection could not be restored.

Session expired

The server has moved on; the page needs a fresh start.